 Dungeon Crawl Stone Soup version 0.25.1-8-g42b30a86e7 (webtiles) character file.

Game seed: 3340136938103997616

228 Destapler the Twirler (level 6, -3/47 HPs)
             Began as a Gnoll Wanderer on Dec 9, 2020.
             Slain by a sky beast (5 damage)
             ... on level 3 of the Dungeon.
             The game lasted 00:19:09 (4321 turns).

Destapler the Twirler (Gnoll Wanderer)              Turns: 4321, Time: 00:19:13

Health: -3/47      AC:  3    Str: 16    XL:     6   Next: 2%
Magic:  10/10      EV: 13    Int: 15    God:
Gold:   183        SH:  0    Dex: 10    Spells: 10/11 levels left

rFire    . . .     SeeInvis .   a - +1 dagger (elec)
rCold    . . .     Gourm    .   (no shield)
rNeg     . . .     Faith    .   d - +0 robe
rPois    .         Spirit   .   f - +0 helmet
rElec    .         Reflect  .   (no cloak)
rCorr    .         Harm     .   (no gloves)
MR       .....                  (no boots)
Stlth    ++........             (no amulet)
HPRegen  0.15/turn              n - -4 ring of dexterity (curse)
MPRegen  0.12/turn              (no ring)

@: no status effects
A: distributed training, fangs 1, strong nose
a: no special abilities


You were on level 3 of the Dungeon.
You were not hungry.

You visited 1 branch of the dungeon, and saw 4 of its levels.

You collected 183 gold pieces.

Inventory:

Hand Weapons
 a - a +1 dagger of electrocution (weapon)
Missiles
 h - 20 poisoned darts (quivered)
Armour
 d - a +0 robe (worn)
 e - a +0 kite shield
 f - a +0 helmet (worn)
Jewellery
 n - a cursed -4 ring of dexterity (left hand)
Scrolls
 b - 2 scrolls of identify
 i - a scroll of amnesia {unknown}
Potions
 c - 2 potions of curing
Comestibles
 g - 2 rations


   Skills:
 + Level 3.1 Fighting
 + Level 1.7 Short Blades
 + Level 1.7 Long Blades
 + Level 1.7 Axes
 + Level 1.7 Maces & Flails
 + Level 1.7 Polearms
 + Level 4.9 Staves
 + Level 1.7 Slings
 + Level 1.7 Bows
 + Level 1.7 Crossbows
 + Level 1.7 Throwing
 + Level 1.7 Armour
 + Level 3.1 Dodging
 + Level 4.5 Stealth
 + Level 3.1 Shields
 + Level 1.7 Unarmed Combat
 + Level 3.3 Spellcasting
 + Level 1.3 Conjurations
 + Level 1.3 Hexes
 + Level 2.5 Charms
 + Level 1.3 Summonings
 + Level 1.3 Necromancy
 + Level 1.3 Translocations
 + Level 1.3 Transmutations
 + Level 2.5 Fire Magic
 + Level 1.3 Ice Magic
 + Level 1.3 Air Magic
 + Level 1.3 Earth Magic
 + Level 1.3 Poison Magic
 + Level 1.9 Invocations
 + Level 1.7 Evocations


You had 10 spell levels left.
You knew the following spells:

 Your Spells              Type           Power        Failure   Level  Hunger
a - Foxfire               Conj/Fire      #...         9%          1    #......

Your spell library contained the following spells:

 Spells                   Type           Power        Failure   Level  Hunger
 Ignite Poison            Fire/Tmut/Pois #.......     28%         3    ###....


Dungeon Overview and Level Annotations

Branches:
Dungeon (4/15)
 Temple: D:4-7

Altars:


Innate Abilities, Weirdness & Mutations

Your experience applies equally to all skills.
You have very sharp teeth.
Your uncanny sense of smell can sniff out nearby items.


Message History

The sky beast is almost dead.
The sky beast hits you but does no damage.
You closely miss the sky beast.
The sky beast is almost dead.
The sky beast hits you but does no damage.
You hit the sky beast but do no damage.
The sky beast is almost dead.
The sky beast flickers out of sight!
Deactivating autopickup; reactivate with Ctrl-A.
Something hits you but does no damage.
You miss something. Something hits you but does no damage.
You miss something. Something hits you but does no damage.
You hit something but do no damage. Something hits you but does no damage.
You hit something but do no damage.
You feel less wooden.
Your +0 helmet unmelds from your body.
Your +0 robe unmelds from your body.
Something hits you.
* * * LOW HITPOINT WARNING * * *
Something shocks you.
You die...

...#.# #.# #.# ...#.# #.#
#.# ...#.# #.# #.# ...#.#
#.# #.# ####.# #######.##
#.# #.# #........# #.#
#.# #........# #.#
####)#######........# #.#
...............{@...# #.#
####.#######....≈...# #.#
#.# #........# #.# #(#
####........#####.# #(#
#.................# #.#
#.#######################
#.# #.#
######............... #.#
#.# #....................
#.####.#
##.###.#..###########


There were no monsters in sight!

Vanquished Creatures
  The ghost of TangoThomas the Grasshopper, an amateur VSWr (D:3)
  A bullfrog skeleton (D:3)
  7 adders
  2 dart slugs
  2 leopard geckos
  4 orcs (D:3)
  2 ball pythons
  8 bats
  2 giant cockroaches
  6 goblins
  5 hobgoblins
  2 jackals (D:3)
  4 quokkas
  5 frilled lizards
  8 kobolds
  8 rats
67 creatures vanquished.

Vanquished Creatures (others)
  109 foxfires
109 creatures vanquished.

Grand Total: 176 creatures vanquished

Notes
Turn   | Place    | Note
-------+----------+-------------------------------------------
     0 | D:1      | Destapler the Gnoll Wanderer began the quest for the Orb.
     0 | D:1      | Destapler set off with the following items: a +0 club, a
                  | potion of curing, a +0 robe, a +0 kite shield, a +0 dagger,
                  | a ration; and the following spell memorised: Foxfire; and
                  | the following spells available to memorise: Ignite Poison
     0 | D:1      | Reached XP level 1. HP: 17/17 MP: 4/4
   381 | D:1      | Reached XP level 2. HP: 21/23 MP: 2/5
  1200 | D:2      | Reached XP level 3. HP: 14/28 MP: 7/7
  1404 | D:2      | Reached skill level 1 in Invocations
  1621 | D:2      | Reached skill level 1 in Short Blades
  1621 | D:2      | Reached skill level 1 in Long Blades
  1621 | D:2      | Reached skill level 1 in Axes
  1621 | D:2      | Reached skill level 1 in Maces & Flails
  1621 | D:2      | Reached skill level 1 in Polearms
  1621 | D:2      | Reached skill level 1 in Slings
  1621 | D:2      | Reached skill level 1 in Bows
  1621 | D:2      | Reached skill level 1 in Crossbows
  1621 | D:2      | Reached skill level 1 in Throwing
  1621 | D:2      | Reached skill level 1 in Armour
  1621 | D:2      | Reached skill level 1 in Unarmed Combat
  1621 | D:2      | Reached skill level 1 in Evocations
  1741 | D:2      | Reached XP level 4. HP: 28/34 MP: 5/8
  2650 | D:3      | Reached skill level 1 in Conjurations
  2650 | D:3      | Reached skill level 1 in Hexes
  2650 | D:3      | Reached skill level 1 in Summonings
  2650 | D:3      | Reached skill level 1 in Necromancy
  2650 | D:3      | Reached skill level 1 in Translocations
  2650 | D:3      | Reached skill level 1 in Transmutations
  2650 | D:3      | Reached skill level 1 in Ice Magic
  2650 | D:3      | Reached skill level 1 in Air Magic
  2650 | D:3      | Reached skill level 1 in Earth Magic
  2650 | D:3      | Reached skill level 1 in Poison Magic
  2774 | D:3      | Reached XP level 5. HP: 10/40 MP: 7/9
  3627 | D:3      | Found a runed translucent gate.
  3627 | D:3      | Found a runed translucent gate.
  3629 | D:3      | Found a runed translucent gate.
  3631 | D:3      | Noticed TangoThomas's ghost (amateur VSWr)
  3652 | D:3      | Killed TangoThomas's ghost
  3767 | D:3      | Reached XP level 6. HP: 47/47 MP: 10/10
  4255 | D:4      | Noticed a sky beast
  4297 | D:3      | HP: 3/70 [sky beast (6)]
  4321 | D:3      | HP: 2/47 [something (3)]
  4321 | D:3      | Slain by a sky beast

Illustrated notes

Levels and vault maps discovered:
D:1:      minmay_arrival_hallway, layout_loops_ring
D:2:      layout_basic
D:3:      layout_basic, ebering_ghost_rock_garden, serial_park_tiny_1
D:4:      layout_cave_pools, lemuel_zombie_altar_kikubaaqudgha

Skill      XL: |  1  2  3  4  5 |
---------------+----------------+-----
Charms         | 2 |  2.5
Fire Magic     | 2 |  2.5
Invocations    | 1 |  1.9
Short Blades   | 1 |  1.7
Long Blades    | 1 |  1.7
Axes           | 1 |  1.7
Maces & Flails | 1 |  1.7
Polearms       | 1 |  1.7
Slings         | 1 |  1.7
Bows           | 1 |  1.7
Crossbows      | 1 |  1.7
Throwing       | 1 |  1.7
Armour         | 1 |  1.7
Unarmed Combat | 1 |  1.7
Evocations     | 1 |  1.7
Spellcasting   | 3 |  3.3
Conjurations   | 1 |  1.3
Hexes          | 1 |  1.3
Summonings     | 1 |  1.3
Necromancy     | 1 |  1.3
Translocations | 1 |  1.3
Transmutations | 1 |  1.3
Ice Magic      | 1 |  1.3
Air Magic      | 1 |  1.3
Earth Magic    | 1 |  1.3
Poison Magic   | 1 |  1.3
Fighting       | 3 |  3.1
Dodging        | 3 |  3.1
Shields        | 3 |  3.1
Staves         | |  4.9
Stealth        | |  4.5

Action                   |  1- 3 |  4- 6 || total
-------------------------+-------+-------++-------
Melee: Dagger            |    74 |   123 ||   197
       Bite              |     2 |     4 ||     6
 Cast: Foxfire           |    20 |    39 ||    59
  Use: Scroll            |       |     6 ||     6
       Potion            |       |     1 ||     1
 Stab: Sleeping          |     4 |     3 ||     7
  Eat: Chunk             |     2 |     9 ||    11
Armor: Robe              |    22 |    29 ||    51
       Skin              |       |    27 ||    27
Dodge: Dodged            |    57 |    86 ||   143
Block: Kite shield       |       |     6 ||     6
